 Dungeon Crawl Stone Soup version 0.29.0-4-gdea44cf6ec (webtiles) character file.

Game seed: 11909838690603594164

39 qw the Chopper (level 3, -1/21 HPs)
             Began as a Tengu Warper on Aug 29, 2022.
             Slain by an orc
             ... wielding a +0 club
              (5 damage)
             ... on level 3 of the Dungeon.
             The game lasted 00:00:09 (1518 turns).

qw the Chopper (Tengu Warper)                       Turns: 1518, Time: 00:00:09

Health: -1/21      AC:  3    Str: 12 (13) XL:     3   Next: 45%
Magic:  7/7        EV: 12    Int: 11 (13) God:
Gold:   83         SH:  0    Dex: 16 (19) Spells: 6/6 levels left

rFire   . . .      SeeInvis .   Y - +0 hand axe
rCold   . . .      Faith    .   (no shield)
rNeg    . . .      Spirit   .   b - +0 leather armour
rPois   .          Reflect  .   (helmet restricted)
rElec   .          Harm     .   (no cloak)
rCorr   .          Rampage  .   (no gloves)
Will    .....                   (boots unavailable)
Stlth   +.........              j - amulet of regeneration
HPRegen 0.87/turn               i - +6 ring of dexterity
MPRegen 0.10/turn               (no ring)

@: brilliant, about to teleport, weak-willed
A: beak, talons 3
a: no special abilities


You were on level 3 of the Dungeon.
You visited 1 branch of the dungeon, and saw 3 of its levels.

You collected 83 gold pieces.


Innate Abilities, Weirdness & Mutations

You have a beak for a mouth.
You have claws for feet.


   Skills:
 - Level 2.0 Fighting
 + Level 4.1 Axes
 - Level 1.0 Throwing
 - Level 1.1 Armour
 - Level 2.1 Dodging
 - Level 2.0 Spellcasting
 - Level 2.4 Translocations


You had 6 spell levels left.
You didn't know any spells.
Your spell library contained the following spells:

 Spells                   Type           Power      Damage    Failure   Level
 Blink                    Tloc           18%        N/A       22%         2
 Gell's Gravitas          Tloc           9%         N/A       38%         3
 Lesser Beckoning         Tloc           9%         N/A       38%         3
 Teleport Other           Tloc           9%         N/A       38%         3
 Manifold Assault         Tloc           9%         N/A       98%         5

Inventory:

Hand Weapons
 g - a +0 whip
 Y - a +0 hand axe (weapon)
Armour
 b - a +0 leather armour (worn)
Jewellery
 i - a +6 ring of dexterity (left hand)
 j - an amulet of regeneration (around neck)
Scrolls
 a - a scroll of teleportation
Potions
 d - a potion of might {unknown}
 e - a potion of attraction {unknown}
 h - a potion of flight {unknown}

Dungeon Overview and Level Annotations

Branches:
Dungeon (3/15)

Altars:


Message History

You kill the hobgoblin!
An orc comes into view.
It is wielding a +4 vampiric short sword.
The orc shouts!
You hear a shout!
An orc comes into view. It is wielding a +0 club.
A kobold comes into view. It is wielding a +0 short sword.
An orc comes into view. It is wielding a +0 club.
The orc throws a boomerang.
The boomerang hits you.
1509 ||| Stepping ~*~*~tactically~*~*~ (stealth).
You hit the orc but do no damage. You claw the orc. You peck the orc.
The orc is heavily wounded.
The orc hits you with a +4 vampiric short sword.
You hit the orc.
The orc is severely wounded.
The orc hits you with a +4 vampiric short sword.
You hit the orc but do no damage. Your peck misses the orc.
The orc is severely wounded.
You completely miss the orc. The orc hits you with a +0 club.
The orc hits you with a +4 vampiric short sword.
The orc draws strength from your wounds!
You hit the orc but do no damage. Your kick misses the orc.
The orc is heavily wounded.
You hit the orc. The orc closely misses you.
The orc hits you with a +4 vampiric short sword.
You barely miss the orc. You claw the orc.
You kill the orc!
You hit the orc.
An orc comes into view.
It is wielding a +1 flail of protection.
The orc barely misses you.
1517 ||| Stepping ~*~*~tactically~*~*~ (stealth).
The kobold attacks as you move away!
The kobold hits you with a +0 short sword.
The orc attacks as you move away! The orc barely misses you.
1518 ||| READING 2 scrolls of teleportation.
As you read the scroll of teleportation, it crumbles to dust.
You feel strangely unstable.
The kobold hits you with a +0 short sword.
The orc hits you with a +0 club.
You die... #......#.# .......#.# #.....#.# . .....#.# ## o. #..#.###.... o.o

#...<....(.. ....
#..#.######.
.....######.%#........
......)K@....#.../.###
.......o.#...##.##.#
.......#.#.#.# .. #
.......#.......[.#
.!....##...#.##..#
...... ....... ...
########.###### # ..#
#.#


You could see an orc and a kobold.

Vanquished Creatures
  An orc (D:3)
  8 ball pythons
  3 endoplasms
  2 giant cockroaches (D:1)
  4 goblins
  3 hobgoblins
  2 jackals (D:2)
  3 kobolds
  3 bats
  A frilled lizard (D:2)
  2 rats
32 creatures vanquished.

Notes
Turn   | Place    | Note
-------+----------+-------------------------------------------
     0 | D:1      | qw the Tengu Warper began the quest for the Orb.
     0 | D:1      | Reached XP level 1. HP: 12/12 MP: 4/4
     0 | D:1      | 0 ||| qw: Version: 0.1-a-89-g26bdef1
     0 | D:1      | 0 ||| qw: Game counter: 3469
     0 | D:1      | 0 ||| qw: Always use a shield: true
     0 | D:1      | 0 ||| qw: God list: Okawaru
     0 | D:1      | 0 ||| qw: Allow faded altars: false
     0 | D:1      | 0 ||| qw: Do Orc after D:15 true
     0 | D:1      | 0 ||| qw: Do second Lair branch before Depths: true
     0 | D:1      | 0 ||| qw: Lair rune preference: random
     0 | D:1      | 0 ||| qw: Plans: Normal
     0 | D:1      | 0 ||| PLANNING D:1-11
   162 | D:1      | Reached XP level 2. HP: 17/17 MP: 6/6
   242 | D:1      | Reached skill level 3 in Axes
   781 | D:1      | 781 ||| UPGRADING to amulet of regeneration.
   786 | D:1      | 786 ||| UPGRADING to +6 ring of dexterity.
   787 | D:1      | 787 ||| READING 2 scrolls labelled HERET KUOSEUSCH.
   792 | D:1      | 792 ||| READING scroll labelled WIDOUM HE IKOVA.
   793 | D:1      | 793 ||| READING 2 scrolls labelled OHAUCW ENAFE.
   794 | D:1      | 794 ||| DRINKING 2 puce potions.
   795 | D:1      | 795 ||| DROPPING scroll of blinking.
   796 | D:1      | 796 ||| DROPPING potion of degeneration.
   797 | D:1      | 797 ||| DROPPING scroll of fear.
  1006 | D:2      | 1006 ||| DROPPING +0 club.
  1207 | D:2      | Reached XP level 3. HP: 21/21 MP: 7/7
  1251 | D:2      | Found a faded altar of an unknown god.
  1267 | D:2      | 1267 ||| Stepping ~*~*~tactically~*~*~ (stealth).
  1269 | D:2      | Reached skill level 4 in Axes
  1271 | D:2      | 1271 ||| Stepping ~*~*~tactically~*~*~ (stealth).
  1483 | D:2      | 1483 ||| READING scroll labelled OSHILAE YRALU.
  1484 | D:2      | 1484 ||| READING scroll labelled KONKAE ARES.
  1485 | D:2      | 1485 ||| DRINKING 2 ruby potions.
  1486 | D:2      | 1486 ||| DROPPING potion of brilliance.
  1509 | D:3      | 1509 ||| Stepping ~*~*~tactically~*~*~ (stealth).
  1517 | D:3      | 1517 ||| Stepping ~*~*~tactically~*~*~ (stealth).
  1517 | D:3      | HP: 4/21 [kobold/+0 short sword (3)]
  1518 | D:3      | 1518 ||| READING 2 scrolls of teleportation.
  1518 | D:3      | Slain by an orc

Levels and vault maps discovered:
D:1:      giann_forest_graveyard, layout_rooms, chequers_serial_rivers_large_b,
          minmay_door_square
D:2:      layout_loops_ring, ebering_ecumenical_altar_webs
D:3:      layout_basic, dreamdust_mushroom_princess, uniq_terence

Skill      XL: |  1  2  3 |
---------------+----------+-----
Axes           | 3 4 |  4.1
Fighting       | |  2.0
Throwing       | |  1.0
Armour         | |  1.1
Dodging        | |  2.1
Spellcasting   | |  2.0
Translocations | |  2.4

Action                   || total
-------------------------++-------
Melee: Hand axe          ||    64
       Kick              ||    16
       Peck              ||     9
Throw: Boomerang         ||     7
  Use: Scroll            ||     6
       Potion            ||     2
Armor: Leather armour    ||    17
Dodge: Dodged            ||    41

Table legend:
 A = Non-vault XP
 B = Vault XP
 C = Vault XP percentage of total XP
 D = Non-vault monster count
 E = Vault monster count
 F = Vault count percentage of total count
                 A         B        C        D         E       F
            +---------+---------+-------+---------+---------+-------
      Total |      56 |       0 |   0.0 |      32 |       0 |   0.0
            +---------+---------+-------+---------+---------+-------
        D:1 |      18 |       0 |   0.0 |      10 |       0 |   0.0
        D:2 |      33 |       0 |   0.0 |      20 |       0 |   0.0
        D:3 |       5 |       0 |   0.0 |       2 |       0 |   0.0
            +---------+---------+-------+---------+---------+-------
